AoeStats
← TikiTiki95

Northern Isles

510389900Analyzed
1v1 RM · 17h ago on Sep 30, 2026· 31m 10s· 2 players
Game mode
Random Map
Map size
Tiny (2 player)
Population
200
Speed
Normal
Resources
Standard
Victory
Conquest
Starting age
Dark Age
Ending age
Imperial Age
RankedLock teamsTeams togetherTeam positionsShared explorationLock speedFull tech treeHidden civsTurbo modeCheats
Victory
Defeat
🇨🇳 Varangians · China
1160
+15
🇦🇷 Koreans · Argentina
1136
-15
TikiTiki95
7:37 Loom
10:36 Feudal Age
12:25 Fletching
20:21 Castle Age
27:26 Horse Collar
盗无华
1:23 Loom
2:07 Loom
10:08 Loom
12:12 Feudal Age
17:27 Castle Age
15:48 Double-Bit Axe
16:34 Scale Mail Armor
16:45 Gold Mining
16:47 Fishing Lines
18:39 Forging
19:43 Bow Saw
Connection lost

Rejoining the realm…

Still unreachable

The connection could not be restored.

Session expired

The server has moved on; the page needs a fresh start.